 Dungeon Crawl Stone Soup version 0.21-a0-504-g2eda330 (webtiles) character file.

12998 kae the Grappler (level 11, -9/124 HPs)
             Began as a Troll Monk on Nov 26, 2017.
             Was a High Priest of Wu Jian.
             Mangled by Snorg (21 damage)
             ... on level 11 of the Dungeon.
             The game lasted 00:14:12 (9465 turns).

kae the Grappler (Troll Monk)                       Turns: 9465, Time: 00:14:13

Health: -9/124     AC:  7    Str: 21    XL:     11   Next: 69%
Magic:  0/10       EV: 15    Int:  4    God:    Wu Jian [*****.]
Gold:   546        SH:  0    Dex: 15    Spells: 10/10 levels left

rFire    . . .     SeeInvis .     - Unarmed
rCold    + . .     Gourm    +   (no shield)
rNeg     . . .     Faith    .   a - +0 robe
rPois    .         Spirit   +   D - +0 hat
rElec    .         Reflect  .   o - +1 cloak
rCorr    +         Harm     .   (gloves unavailable)
MR       .....                  (boots unavailable)
Stlth    +++.......             J - amulet of the Burgomaster {Spirit Stlth+}
HPRegen  0.70/turn              k - ring of resist corrosion
MPRegen  0.12/turn              (no ring)

@: about to teleport
A: large, unfitting armour, claws 3, cold resistance 1, dopey 1, fast metabolism
3, gourmand, regeneration 1, robust 1, shaggy fur 1, tough skin 2
a: Serpent's Lash, Heavenly Storm, Renounce Religion


You were on level 11 of the Dungeon.
You worshipped Wu Jian.
Wu Jian was extremely pleased with you.
You were very full.

You visited 2 branches of the dungeon, and saw 12 of its levels.

You collected 546 gold pieces.

Inventory:

Armour
 a - a +0 robe (worn)
 o - a +1 cloak (worn)
 D - a +0 hat (worn)
 M - the cursed +1 robe "Hixeliax" {Str+4, unknown}
   (You found it on level 11 of the Dungeon)

   It affects your strength (+4).
   It has a curse placed upon it.
Jewellery
 k - a ring of resist corrosion (left claw)
 H - a +3 amulet of reflection
 J - the amulet of the Burgomaster (around neck) {Spirit Stlth+}
   (You took it off a centaur on level 10 of the Dungeon)

   [amulet of guardian spirit]

   It causes incoming damage to be split between your health and magic.
   It makes you more stealthy.
Wands
 h - a wand of acid (5)
 j - a wand of iceblast (10)
 p - a wand of disintegration (12)
 v - a wand of paralysis (15)
Scrolls
 d - 11 scrolls of identify
 f - 3 scrolls of remove curse
 g - a scroll of fog
 m - 2 scrolls of enchant armour
 q - 2 scrolls of magic mapping
 y - a scroll of teleportation
 F - 3 scrolls of enchant weapon
 G - a scroll of silence
 K - a scroll of brand weapon {unknown}
Potions
 e - 3 potions of brilliance
 r - 2 potions of haste
 s - a potion of curing
 t - a potion of lignification
 u - a potion of agility
 w - 3 potions of flight
 x - 2 potions of cancellation
 B - 3 potions of might
 I - a potion of invisibility
Books
 n - a book of Flames

   Spells                             Type                      Level
   a - Flame Tongue                   Conjuration/Fire             1
   b - Throw Flame                    Conjuration/Fire             2
   c - Conjure Flame                  Conjuration/Fire             3
   d - Inner Flame                    Hexes/Fire                   3
   e - Sticky Flame                   Conjuration/Fire             4
   f - Fireball                       Conjuration/Fire             5
 A - a book of Misfortune

   Spells                             Type                      Level
   a - Confusing Touch                Hexes                        1
   b - Confuse                        Hexes                        3
   c - Gell's Gravitas                Translocation                3
   d - Petrify                        Transmutation/Earth          4
   e - Metabolic Englaciation         Hexes/Ice                    5
   f - Yara's Violent Unravelling     Hexes/Transmutation          5
 C - a book of Changes

   Spells                             Type                      Level
   a - Beastly Appendage              Transmutation                1
   b - Sticks to Snakes               Transmutation                2
   c - Spider Form                    Transmutation/Poison         3
   d - Ice Form                       Ice/Transmutation            4
   e - Blade Hands                    Transmutation                5
Comestibles
 b - 3 bread rations
 c - a chunk of flesh
 i - 3 fruits
 l - 15 royal jellies
 L - 2 meat rations


   Skills:
 + Level 8.4 Fighting
 + Level 8.4 Dodging
 - Level 1.0 Stealth
 * Level 13.3 Unarmed Combat


You had 10 spell levels left.
You didn't know any spells.

Dungeon Overview and Level Annotations

Branches:
Dungeon (11/15)            Temple (1/1) D:6            Lair (0/6) D:11
    Orc: D:9-12

Altars:
Ashenzari
Cheibriados
Dithmenos
Elyvilon
Fedhas
Gozag
Hepliaklqana
Kikubaaqudgha
Makhleb
Nemelex Xobeh
Okawaru
Qazlal
Ru
Sif Muna
Trog
Uskayaw
Vehumet
Wu Jian
Xom
Yredelemnul
Zin
The Shining One

Shops:
D:4 :

Annotations:
D:11 Snorg


Innate Abilities, Weirdness & Mutations

You are too large for most types of armour.
You have claws for hands.
Your metabolism is lightning-fast.
You like to eat raw meat.
Your natural rate of healing is unusually fast.
You are covered in fur. (AC +1)
You have very tough skin. (AC +2)
Your flesh is cold resistant. (rC+)
You are dopey. (Int -2)
You are robust. (+10% HP)


Message History

You spin and attack Snorg.
You scratch Snorg.
Snorg is severely wounded.
Snorg closely misses you. x2; Snorg claws you.
You claw Snorg!
Snorg is severely wounded.
Snorg bites you! Snorg misses you. Snorg claws you!!
Okay, then.
You feel much better. Snorg misses you. Snorg barely misses you.
Snorg misses you. Snorg bites you!! Snorg misses you. x2
You barely miss Snorg.
Snorg is severely wounded.
Snorg closely misses you. Snorg claws you!
* * * LOW HITPOINT WARNING * * *
Snorg closely misses you. Snorg bites you!!
* * * LOW HITPOINT WARNING * * *
Snorg barely misses you. Snorg closely misses you.
As you read the scroll of teleportation, it crumbles to dust.
You feel strangely unstable. Snorg bites you!!
You die...

#.#..#.###.....####
#....#...#.....#
########.#..###.#[#.#.#
##...........##....#.#.#
....# ##...##..##....#
....######.............##
...†##.....#.............
))))##.######............
)...'.......'...@.........
....##.######...T........
.††.##<.. #............
#.......## #............
#†.####.# #............
#........ #.......#####
#.######## ###+##### #.#
#<#


You could see Snorg (berserk).

Vanquished Creatures
  Josephine (D:10)
  A hydra (D:9)
  2 two-headed ogres
  A deep elf mage (D:9)
  Psyche (D:9)
  2 trolls
  A hippogriff (D:8)
  A shadow (D:9)
  4 wraiths (D:10)
  17 yaks
  2 vampires (D:10)
  A wyvern (D:11)
  Grum (D:11)
  A hungry ghost (D:11)
  Menkaure (D:7)
  The ghost of p0werm0de the Insei, an amateur OpAM of Wu Jian (D:4)
  2 wargs (D:11)
  Edmund (D:4)
  An ice beast (D:9)
  2 orc warriors
  2 sky beasts
  2 wolves (D:11)
  A phantom (D:9)
  An ogre (D:5)
  3 centaurs
  3 big kobolds
  Blork the orc (D:4)
  4 bullfrogs
  2 wyvern zombies
  2 scorpions
  2 wyvern skeletons
  9 killer bees
  4 wights (D:8)
  4 crimson imps
  4 centaur zombies
  2 bullfrog zombies
  8 hounds
  4 jellies
  4 bullfrog skeletons
  2 orc priests (D:11)
  14 orc wizards
  Jessica (D:3)
  3 iguanas
  4 worker ants
  Robin (D:4)
  6 gnolls
  A worker ant zombie (D:9)
  10 adders
  A shadow imp (D:6)
  6 oozes
  A worm (D:2)
  2 dart slugs
  7 leopard geckos
  21 orcs
  6 bats
  8 giant cockroaches
  18 goblins
  7 hobgoblins
  8 jackals
  6 quokkas
  7 frilled lizards
  2 giant cockroach zombies
  19 kobolds
  A quokka zombie (D:9)
  5 rats
273 creatures vanquished.

Notes
Turn   | Place    | Note
-------+----------+-------------------------------------------
     0 | D:1      | kae the Troll Monk began the quest for the Orb.
     0 | D:1      | Reached XP level 1. HP: 22/22 MP: 0/0
   212 | D:1      | Reached XP level 2. HP: 29/29 MP: 1/1
   649 | D:2      | Reached XP level 3. HP: 34/36 MP: 2/2
   768 | D:2      | Reached skill level 4 in Unarmed Combat
   847 | D:2      | Reached XP level 4. HP: 40/44 MP: 3/3
  1432 | D:3      | Found a faded altar of an unknown god.
  1543 | D:3      | Noticed Jessica
  1555 | D:3      | Killed Jessica
  2020 | D:4      | Reached XP level 5. HP: 51/53 MP: 4/4
  2193 | D:4      | Found Souxosk's Book Shoppe.
  2239 | D:4      | Noticed Blork the orc
  2251 | D:4      | Reached skill level 5 in Unarmed Combat
  2255 | D:4      | Noticed Robin
  2262 | D:4      | Killed Blork the orc
  2262 | D:4      | Reached XP level 6. HP: 27/61 MP: 5/5
  2265 | D:4      | Gained mutation: You are dopey. (Int -2) [potion of mutation]
  2265 | D:4      | Gained mutation: You are robust. (+10% HP) [potion of mutation]
  2265 | D:4      | Gained mutation: Your flesh is cold resistant. (rC+) [potion of mutation]
  2402 | D:4      | Killed Robin
  2625 | D:4      | Noticed Edmund
  2645 | D:4      | Killed Edmund
  2732 | D:4      | Noticed p0werm0de's ghost (amateur OpAM)
  2746 | D:4      | Killed p0werm0de's ghost
  2746 | D:4      | Reached skill level 6 in Unarmed Combat
  2746 | D:4      | Reached XP level 7. HP: 72/77 MP: 6/6
  3016 | D:5      | Entered Level 5 of the Dungeon
  3721 | D:5      | Reached skill level 7 in Unarmed Combat
  4003 | D:6      | Reached XP level 8. HP: 83/86 MP: 7/7
  4125 | D:6      | Noticed a troll
  4221 | D:6      | Killed a troll
  4221 | D:6      | Reached skill level 5 in Fighting
  4221 | D:6      | Reached skill level 5 in Dodging
  4221 | D:6      | Reached skill level 8 in Unarmed Combat
  4400 | D:6      | Found a staircase to the Ecumenical Temple.
  4411 | Temple   | Entered the Ecumenical Temple
  4487 | Temple   | Became a worshipper of the Wu Jian Council
  4487 | Temple   | Reached * piety under Wu Jian
  4487 | Temple   | Reached ** piety under Wu Jian
  4908 | D:7      | Noticed Menkaure
  4938 | D:7      | Killed Menkaure
  5575 | D:8      | Noticed a hippogriff
  5738 | D:8      | Killed a hippogriff
  5738 | D:8      | Reached skill level 9 in Unarmed Combat
  5738 | D:8      | Reached XP level 9. HP: 84/96 MP: 8/8
  6025 | D:8      | Noticed a two-headed ogre
  6157 | D:8      | Killed a two-headed ogre
  6157 | D:8      | Reached skill level 10 in Unarmed Combat
  6493 | D:9      | Found a stormy altar of Qazlal.
  6529 | D:9      | Noticed Psyche
  6532 | D:9      | Killed Psyche
  6616 | D:9      | Noticed a two-headed ogre
  6622 | D:9      | Killed a two-headed ogre
  6622 | D:9      | Reached XP level 10. HP: 110/110 MP: 9/9
  6678 | D:9      | Noticed a five-headed hydra
  6678 | D:9      | Noticed a deep elf mage
  6746 | D:9      | Killed a deep elf mage
  6746 | D:9      | Reached skill level 11 in Unarmed Combat
  6797 | D:9      | Killed a six-headed hydra
  7175 | D:9      | Reached *** piety under Wu Jian
  7571 | D:10     | Entered Level 10 of the Dungeon
  7594 | D:10     | Reached skill level 12 in Unarmed Combat
  7699 | D:10     | Reached XP level 11. HP: 90/119 MP: 10/10
  7766 | D:10     | Reached **** piety under Wu Jian
  7944 | D:10     | Found an ancient bone altar of Kikubaaqudgha.
  8272 | D:10     | Got a pitted golden amulet
  8367 | D:10     | Noticed Josephine
  8378 | D:10     | Killed Josephine
  8614 | D:10     | Reached skill level 13 in Unarmed Combat
  8915 | D:11     | Identified the amulet of the Burgomaster {Spirit Stlth+} (You took it off a centaur on level 10 of the Dungeon)
  8959 | D:11     | Reached ***** piety under Wu Jian
  9022 | D:11     | Found a staircase to the Lair.
  9283 | D:11     | Noticed Grum
  9289 | D:11     | Killed Grum
  9290 | D:11     | Found a burning altar of Makhleb.
  9338 | D:11     | Noticed Snorg
  9357 | D:11     | Got a colourful robe
  9465 | D:11     | Mangled by Snorg

Vault maps used:
D:1:      eino_arrival_cavern_a, minmay_misc_feat_square
D:3:      chequers_ecumenical_altar_island, uniq_jessica
D:4:      serial_shops, shop, first_bread, uniq_robin, uniq_blork_the_orc,
          uniq_edmund
D:5:      minmay_misc_feat_hallway
D:6:      minmay_temple_entry_statues_fountains
D:7:      uniq_menkaure
D:9:      old_standard_altar, hangedman_little_slice_of_home, wad_scary_box,
          uniq_psyche
D:10:     basic_altar, uniq_josephine
D:11:     erik_lair_orcish_takeover, basic_altar, uniq_grum, uniq_snorg
Temple:   grunt_wide_crystal_templ

Skill      XL: |  1  2  3  4  5  6  7  8  9 10 11 |
---------------+----------------------------------+-----
Unarmed Combat | 4 5 6 7 9 10 12 13 | 13.3
Fighting       | 3 4 5 6 7 8 |  8.4
Dodging        | 3 4 5 6 7 8 |  8.4
Stealth        | |  1.0

Action                   |  1- 3 |  4- 6 |  7- 9 | 10-12 || total
-------------------------+-------+-------+-------+-------++-------
Melee: Unarmed           |    88 |   177 |   244 |   387 ||   896
       Punch             |     1 |     4 |     7 |    31 ||    43
Evoke: Wand              |       |       |     4 |     6 ||    10
  Use: Potion            |       |     6 |     1 |     1 ||     8
       Scroll            |       |       |    17 |     9 ||    26
 Stab: Sleeping          |     3 |       |     3 |     2 ||     8
       Distracted        |       |       |       |     1 ||     1
  Eat: Chunk             |    13 |    17 |    36 |    33 ||    99
Armor: Robe              |    25 |    53 |    62 |    59 ||   199
Dodge: Dodged            |    35 |   108 |   136 |   208 ||   487

Table legend:
 A = Spawn XP
 B = Non-spawn XP
 C = Spawn XP percentage of total XP
 D = Spawn monster count
 E = Non-spawn monster count
 F = Spawn count percentage of total count
 G = Total turns spent on level
                    A         B        C        D         E        F      G
               +---------+---------+-------+---------+---------+-------+---------
         Total |       0 |   18569 |   0.0 |       0 |     273 |   0.0 |  9465
               +---------+---------+-------+---------+---------+-------+---------
           D:1 |       0 |      34 |   0.0 |       0 |      18 |   0.0 |   612
           D:2 |       0 |      65 |   0.0 |       0 |      22 |   0.0 |   531
           D:3 |       0 |     106 |   0.0 |       0 |      23 |   0.0 |   952
           D:4 |       0 |     702 |   0.0 |       0 |      26 |   0.0 |   921
           D:5 |       0 |     498 |   0.0 |       0 |      17 |   0.0 |  1003
           D:6 |       0 |     908 |   0.0 |       0 |      15 |   0.0 |   670
           D:7 |       0 |     320 |   0.0 |       0 |       6 |   0.0 |   852
           D:8 |       0 |    2241 |   0.0 |       0 |      21 |   0.0 |   803
           D:9 |       0 |    4570 |   0.0 |       0 |      40 |   0.0 |  1141
          D:10 |       0 |    7109 |   0.0 |       0 |      57 |   0.0 |  1315
          D:11 |       0 |    2016 |   0.0 |       0 |      28 |   0.0 |   579
               +---------+---------+-------+---------+---------+-------+---------
